 Dungeon Crawl Stone Soup version 0.23.2-40-g277498a001 (webtiles) character file.

Game seed: 4663416673303893819

10710 Kikorro the Cleaver (level 11, -4/99 (102) HPs)
             Began as a Hill Orc Berserker on Sept 5, 2019.
             Was an Elder of Trog.
             Slain by an unseen horror (10 damage)
             ... on level 11 of the Dungeon.
             The game lasted 00:47:35 (14876 turns).

Kikorro the Cleaver (Hill Orc Berserker)           Turns: 14876, Time: 00:47:36

HP:   -4/99 (102)   AC:  7    Str: 31    XL:     11   Next: 66%
MP:   14/14         EV: 15    Int:  7    God:    Trog [****..]
Gold: 586           SH:  0    Dex: 13    Spells: 10/10 levels left

rFire    . . .     SeeInvis .   F - +4 hand axe
rCold    + . .     Gourm    .   (no shield)
rNeg     . . .     Faith    .   y - +0 ring mail "Lomy" {Str+3 Dex+3}
rPois    .         Spirit   .   (no helmet)
rElec    .         Reflect  .   (no cloak)
rCorr    .         Harm     .   (no gloves)
MR       .....                  E - +0 pair of boots
Stlth    ++........             e - amulet of rage
HPRegen  0.26/turn              u - ring of protection from cold
MPRegen  0.14/turn              n - +4 ring of strength

@: no status effects
A: no striking features
a: Berserk, Trog's Hand, Brothers in Arms, Renounce Religion, Evoke Berserk Rage


You were on level 11 of the Dungeon.
You worshipped Trog.
Trog was greatly pleased with you.
You were not hungry.

You visited 1 branch of the dungeon, and saw 11 of its levels.

You collected 586 gold pieces.

Inventory:

Hand Weapons
 C - a +1 vampiric war axe
 F - a +4 hand axe (weapon)
Armour
 w - a +0 chain mail
 y - the +0 ring mail "Lomy" (worn) {Str+3 Dex+3}
   (You found it on level 5 of the Dungeon)

   It affects your strength (+3).
   It affects your dexterity (+3).
 E - a +0 pair of boots (worn)
Jewellery
 e - an amulet of rage (around neck)
 n - a +4 ring of strength (right hand)
 u - a ring of protection from cold (left hand)
Wands
 a - a wand of paralysis (18)
 p - a wand of digging (3)
 r - a wand of enslavement (3)
 s - a wand of flame (6)
Scrolls
 d - a scroll of fog
 g - 2 scrolls of remove curse
 h - 4 scrolls of enchant armour
 j - 3 scrolls of immolation
 k - 5 scrolls of teleportation
 l - 3 scrolls of magic mapping
 x - 2 scrolls of enchant weapon {unknown}
 A - a scroll of noise {unknown}
Potions
 b - a potion of cancellation
 f - 2 potions of might
 i - 7 potions of curing
 m - a potion of invisibility
 o - a potion of ambrosia
 q - 2 potions of degeneration {unknown}
 t - a potion of lignification
 v - 3 potions of mutation
 z - 2 potions of brilliance
 B - 2 potions of agility {unknown}
 D - a potion of resistance {unknown}
Comestibles
 c - 16 rations
 G - 9 chunks of flesh


   Skills:
 + Level 11.4 Fighting
 + Level 14.3 Axes
 - Level 7.0 Armour
 + Level 6.4 Dodging
 + Level 6.0 Stealth
 + Level 4.7 Evocations


You had 10 spell levels left.
You didn't know any spells.
Your spell library was empty.

Dungeon Overview and Level Annotations

Branches:
Dungeon (11/15)            Temple (0/1) D:5            Lair (0/6) D:9
    Orc (0/2) D:11

Altars:
Ashenzari
Gozag
Hepliaklqana
Kikubaaqudgha
Makhleb
Sif Muna
Uskayaw
Vehumet
Zin

Shops:
D:5 (

Annotations:
D:9 exclusion: ice statue


Message History

* * * LOW HITPOINT WARNING * * *
A sky beast appears from thin air!
Reactivating autopickup.
Something hits you but does no damage.
Deactivating autopickup; reactivate with Ctrl-A.
Something hits you.
* * * LOW HITPOINT WARNING * * *
The white imp gestures at you. The puff of frost hits you. You resist.
* * * LOW HITPOINT WARNING * * *
A yak comes into view. x2
Something hits you.
* * * LOW HITPOINT WARNING * * *
Something hits you.
* * * LOW HITPOINT WARNING * * *
Something hits you.
* * * LOW HITPOINT WARNING * * *
The sky beast flickers out of sight!
Something hits you!
You die...

,,,,,,,,,,*,,,* *,,*,****
......,,**#...# **,,*,,,*
...YY.*** #...## *,*,,,,****
.....Y## #....# ***,,,,*,,**
....5..## #....### **,,,*,,,*
....5.Z.# #......###*##.*****,,*
......YY###....)...#....,*,,*,,*
>........##.............,,,,,***
....5.....#.....@.......*,,,,****
...........Y.Y........#.,,,,**,,,
##.........Z5.........#***,,*****
*###.$.....Y........###**,,,* *
####............##***,,,** *
##.....†.......#*,,,**
###............,,,**
**#..............,,*
*******.......####.....,**


You could see 3 yaks, a white imp and a centaur skeleton.

Vanquished Creatures
  A catoblepas (D:10)
  2 two-headed ogres (D:10)
  Pikel (D:8)
  The ghost of icedog the Chucker, a novice OgHu (D:5)
  Psyche (D:9)
  A hornet (D:8)
  Grinder (D:3)
  3 hippogriffs
  3 yaks (D:9)
  3 hungry ghosts
  Menkaure (D:7)
  A soldier ant (D:8)
  A water moccasin (D:10)
  4 orc warriors
  Duvessa (D:5)
  2 ice beasts
  3 sky beasts (D:9)
  A slave (D:8)
  4 necrophages (D:8)
  3 black bears
  4 ogres
  A crocodile (D:10)
  5 centaurs
  A big kobold (D:7)
  8 bullfrogs
  A gnoll sergeant (D:10)
  4 scorpions
  2 wyvern skeletons
  Dowan (D:5)
  4 killer bees (D:10)
  5 wights (D:8)
  7 howler monkeys
  An electric eel (D:10)
  5 crimson imps
  4 jellies
  A quasit (D:10)
  A bullfrog zombie (D:6)
  4 orc priests
  2 bullfrog skeletons
  3 hounds
  5 orc wizards
  Jessica (D:3)
  Terence (D:3)
  An iguana (D:4)
  2 worker ants
  A hound zombie (D:10)
  A hound skeleton (D:4)
  A worker ant zombie (D:5)
  8 gnolls
  16 adders
  A shadow imp (D:5)
  A white imp (D:11)
  10 oozes
  4 worms
  7 dart slugs
  7 leopard geckos
  27 orcs
  2 ball pythons
  10 bats
  2 bat zombies (D:4)
  13 giant cockroaches
  4 goblins
  10 hobgoblins
  13 jackals
  2 quokkas
  4 frilled lizards
  23 kobolds
  A leopard gecko zombie (D:5)
  6 rats
  A rat zombie (D:4)
287 creatures vanquished.

Vanquished Creatures (others)
  2 slaves (D:8)
  A bullfrog (D:8)
  An adder (D:8)
  A fungus (D:3)
  11 toadstools (D:3)
16 creatures vanquished.

Grand Total: 303 creatures vanquished

Notes
Turn   | Place    | Note
-------+----------+-------------------------------------------
     0 | D:1      | Kikorro the Hill Orc Berserker began the quest for the Orb.
     0 | D:1      | Reached XP level 1. HP: 19/19 MP: 1/1
   288 | D:1      | Reached XP level 2. HP: 10/27 MP: 2/2
   888 | D:1      | Reached XP level 3. HP: 9/33 MP: 3/3
  1824 | D:2      | Reached skill level 5 in Axes
  1857 | D:2      | Reached XP level 4. HP: 28/41 MP: 4/4
  2384 | D:2      | Reached ** piety under Trog
  2632 | D:2      | Reached XP level 5. HP: 41/47 MP: 5/5
  3084 | D:3      | Reached skill level 5 in Fighting
  3084 | D:3      | Reached skill level 6 in Axes
  3286 | D:2      | Reached XP level 6. HP: 18/56 MP: 6/6
  3534 | D:3      | Reached skill level 1 in Stealth
  3749 | D:3      | Noticed Jessica
  3757 | D:3      | Killed Jessica
  3847 | D:3      | Reached skill level 9 in Axes
  3847 | D:3      | Reached skill level 5 in Dodging
  3847 | D:3      | Reached XP level 7. HP: 9/68 MP: 6/10
  3848 | D:3      | HP: 3/102 [centaur (6)]
  4096 | D:3      | Noticed Terence
  4107 | D:3      | Killed Terence
  4168 | D:3      | Reached *** piety under Trog
  4249 | D:3      | Noticed Grinder
  4740 | D:3      | Killed Grinder
  4740 | D:3      | Reached skill level 5 in Stealth
  4740 | D:3      | Reached XP level 8. HP: 73/74 MP: 11/11
  5558 | D:4      | Found a radiant altar of Vehumet.
  5813 | D:4      | Reached skill level 10 in Axes
  6005 | D:4      | Reached **** piety under Trog
  6009 | D:4      | Found an ancient bone altar of Kikubaaqudgha.
  6265 | D:5      | Entered Level 5 of the Dungeon
  6265 | D:5      | Found Keinn's Antique Weapon Shoppe.
  6302 | D:5      | Found a glowing silver altar of Zin.
  6303 | D:5      | Found a hide-covered altar of Uskayaw.
  6303 | D:5      | Found a hazy altar of Hepliaklqana.
  6303 | D:5      | Found an opulent altar of Gozag.
  6304 | D:5      | Found a shattered altar of Ashenzari.
  6351 | D:5      | Noticed Dowan
  6353 | D:5      | Noticed Duvessa
  6361 | D:5      | Killed Dowan
  6386 | D:5      | Killed Duvessa
  6685 | D:5      | Found a staircase to the Ecumenical Temple.
  6757 | D:5      | Found a runed translucent door.
  7131 | D:5      | Got a jewelled ring mail
  7933 | D:5      | Noticed icedog's ghost (novice OgHu)
  7962 | D:5      | Killed icedog's ghost
  7962 | D:5      | Reached XP level 9. HP: 8/82 MP: 12/12
  7974 | D:5      | HP: 4/82 [poisoned by icedog's ghost]
  7981 | D:5      | HP: 4/82 [poisoned by icedog's ghost]
  8336 | D:5      | Identified the cursed +0 ring mail "Lomy" {Str+3 Dex+3}
                  | (You found it on level 5 of the Dungeon)
  9229 | D:6      | Received a gift from Trog
  9347 | D:6      | Found a burning altar of Makhleb.
  9776 | D:7      | Reached skill level 11 in Axes
 10052 | D:7      | Noticed Menkaure
 10069 | D:7      | Killed Menkaure
 10069 | D:7      | Reached XP level 10. HP: 77/91 MP: 13/13
 10762 | D:7      | Reached skill level 12 in Axes
 10901 | D:8      | Noticed Pikel
 10914 | D:8      | Killed Pikel
 12339 | D:9      | Reached skill level 10 in Fighting
 12531 | D:9      | Found a staircase to the Lair.
 12531 | D:9      | Noticed Psyche
 12542 | D:9      | Killed Psyche
 12606 | D:9      | Reached skill level 13 in Axes
 12740 | D:10     | Entered Level 10 of the Dungeon
 12764 | D:10     | Reached XP level 11. HP: 81/96 MP: 14/14
 13040 | D:10     | Noticed a two-headed ogre
 14023 | D:10     | Noticed a two-headed ogre
 14032 | D:10     | Killed a two-headed ogre
 14037 | D:10     | Killed a two-headed ogre
 14037 | D:10     | Reached skill level 14 in Axes
 14511 | D:10     | Noticed a catoblepas
 14526 | D:10     | Killed a catoblepas
 14675 | D:10     | Found a deep blue altar of Sif Muna.
 14876 | D:11     | Slain by an unseen horror

Skill      XL: |  1  2  3  4  5  6  7  8  9 10 11 |
---------------+----------------------------------+-----
Fighting       | 4 5 8 9 10 11 | 11.4
Axes           | 5 6 9 10 11 13 14 | 14.3
Dodging        | 2 5 6 |  6.4
Stealth        | 4 5 6 |  6.0
Armour         | 6 7 |  7.0
Evocations     | 4 |  4.7

Action                   |  1- 3 |  4- 6 |  7- 9 | 10-12 || total
-------------------------+-------+-------+-------+-------++-------
Melee: Hand axe          |    90 |   170 |   514 |   202 ||   976
       War axe           |       |       |    22 |   128 ||   150
Invok: Trog's Hand       |       |     2 |     3 |     3 ||     8
       Berserk           |       |     1 |     7 |     4 ||    12
  Use: Potion            |       |     1 |     3 |     1 ||     5
       Scroll            |       |       |    15 |     3 ||    18
 Stab: Sleeping          |       |     4 |    12 |     5 ||    21
       Distracted        |       |       |       |     1 ||     1
  Eat: Chunk             |     3 |     4 |    21 |    17 ||    45
       Ration            |       |     1 |     4 |     2 ||     7
Armor: Animal skin       |    11 |    14 |    20 |       ||    45
       Ring mail         |       |       |    84 |    90 ||   174
       Leather armour    |       |       |     4 |       ||     4
       Chain mail        |       |       |     2 |       ||     2
Dodge: Dodged            |    49 |   109 |   293 |   213 ||   664
